 Dungeon Sprint DCSS version 0.16.1-18-g436b03c (webtiles) character file.

11700000 Rodent the Formicid Barricade (level 27, -21/247 (249) HPs)
             Began as a Formicid Fighter on May 15, 2015.
             Was the Champion of Makhleb.
             Killed from afar by a scourge (57 damage)
             ... with a bolt of poison
             ... in the Dungeon (Sprint VIII: "Arena of Blood").
             The game lasted 00:10:38 (117 turns).

Rodent the Formicid Barricade (Formicid Fighter)     Turns: 117, Time: 00:10:38

HP:   -21/247 (249) AC: 13    Str: 33    XL:     27
MP:   43/50         EV: 22    Int:  9    God:    Makhleb [******]
Gold: 0             SH: 19    Dex: 10    Spells: 0 memorised, 80 levels left

rFire  . . .     SeeInvis +     h - +∞ Axe of Woe
rCold  . . .     Clarity  .     b - +0 scale mail
rNeg   . . .     SustAb   .     c - +0 shield
rPois  .         Gourm    .     (helmet unavailable)
rElec  .         Spirit   .     (no cloak)
rCorr  .         Warding  .     (no gloves)
rMut   .         Stasis   +     (no boots)
MR     ++...                    (no amulet)
Stlth  ++++++++..               (no ring)
                                (no ring)

@: lethally poisoned (-21 -> -33), rotting, very resistant to hostile
enchantments, extraordinarily stealthy
A: permanent stasis, dig shafts and tunnels, four strong arms, antennae 3
a: Dig, Minor Destruction, Lesser Servant of Makhleb, Major Destruction, Greater
Servant of Makhleb, Renounce Religion


You were in the Dungeon.
You worshipped Makhleb.
Makhleb was exalted by your worship.
You were not hungry.

You visited 1 branch

Inventory:

Hand weapons
 a - a +0 war axe
 h - the +∞ Axe of Woe (weapon)
   (You found it in the Dungeon)
Armour
 b - a +0 scale mail (worn)
 c - a +0 shield (worn)
Potions
 e - a potion of might
 g - a potion of heal wounds
 i - 2 potions of magic
Comestibles
 d - a bread ration


   Skills:
 O Level 27 Fighting
 O Level 27 Axes
 O Level 27 Throwing
 O Level 27 Armour
 O Level 27 Dodging
 O Level 27 Stealth
 O Level 27 Shields
 O Level 27 Unarmed Combat
 O Level 27 Spellcasting
 O Level 27 Invocations


You had 80 spell levels left.
You didn't know any spells.

Dungeon Overview and Level Annotations

Branches:
Dungeon (1/1)

Altars:
Makhleb


Innate Abilities, Weirdness & Mutations

You are under a permanent stasis effect.
You can dig through walls and to a lower floor.
Your four strong arms can wield two-handed weapons with a shield.
You have a pair of large antennae on your head (SInv).


Message History

The hellfire explodes!
The blast of hellfire engulfs you!
* * * LOW HITPOINT WARNING * * *
The bag of meat is engulfed in roaring flames.
You slice the bag of meat!!
You dissect the bag of meat like a pig carcass.
You kill the bag of meat!
Makhleb accepts your kill.
You feel a little better.
You are engulfed in roaring flames.
* * * LOW HITPOINT WARNING * * *
You hear a shout! x2
The scourge appears out of thin air!
A scourge comes into view.
The accursed casts a spell at you. Something smites you!
* * * LOW HITPOINT WARNING * * *
The scourge throws poison at you.
The bolt of poison hits the dread.
The dread completely resists.
The bolt of poison hits you!
You are poisoned.
You die...

. ###..%..)))%.#_.<._#
..##....#)).))..#.....#
. #......%.#%......._...
..#...)..))).......###..
......)§)))%..###.... ..
......).))^S.....#... ..
........§)W§.....#... .
...D...§#)§........... .
.....§#@#§#.........
...%.)§§#§#.......
###..§#§#M#..X.. ##..{
#W...X# #. ...X. S. ...
.. . #


You could see an accursed, an eight-headed meat hydra, 2 scourges and 2 dreads.

Vanquished Creatures
  Sigmund (D)
  A great orb of eyes (D)
  7 greater mummies (D)
  10 hell beasts (D)
  7 hill giants (D)
  A hydra (D)
  6 liches (D)
  35 ogres (D)
  83 orcs (D)
  3 phantoms (D)
  3 skeletal warriors (D)
  14 vampire knights (D)
  2 wraiths (D)
  6 tentacled monstrosities (D)
  15 large abominations (D)
  8 small abominations (D)
  A shadow (D)
  5 crawling corpses (D)
208 creatures vanquished.

Vanquished Creatures (others)
  A hill giant (D)
  A hydra (D)
  2 ogres (D)
  10 orcs (D)
  A large abomination (D)
  A shadow (D)
  9 crawling corpses (D)
25 creatures vanquished.

Grand Total: 233 creatures vanquished

Notes
Turn   | Place    | Note
--------------------------------------------------------------
     0 | D        | Rodent, the Formicid Fighter, began the quest for the Orb.
     0 | D        | Reached XP level 1. HP: 18/18 MP: 1/1
     4 | D        | Noticed a bag of meat
     4 | D        | Noticed a meat berserker
     5 | D        | Became a worshipper of Makhleb the Destroyer
     6 | D        | Noticed a bag of meat
     8 | D        | Killed a meat berserker
     8 | D        | Reached skill level 16 in Fighting
     8 | D        | Reached skill level 17 in Shields
     8 | D        | Reached XP level 2. HP: 21/46 MP: 3/3
     8 | D        | Reached XP level 3. HP: 23/52 MP: 4/4
     8 | D        | Reached XP level 4. HP: 26/59 MP: 5/5
     8 | D        | Reached XP level 5. HP: 29/66 MP: 7/7
     8 | D        | Reached XP level 6. HP: 32/73 MP: 8/8
     8 | D        | Reached XP level 7. HP: 34/79 MP: 9/9
     8 | D        | Reached XP level 8. HP: 37/86 MP: 11/11
     8 | D        | Reached XP level 9. HP: 39/92 MP: 12/12
     8 | D        | Reached XP level 10. HP: 42/100 MP: 13/13
     8 | D        | Reached XP level 11. HP: 44/106 MP: 15/15
    10 | D        | Noticed a bag of meat
    11 | D        | Killed a bag of meat
    11 | D        | Acquired Makhleb's first power
    11 | D        | Reached skill level 19 in Fighting
    11 | D        | Reached skill level 10 in Axes
    11 | D        | Reached XP level 12. HP: 47/119 MP: 16/16
    11 | D        | Reached XP level 13. HP: 49/125 MP: 17/17
    12 | D        | Noticed a bag of meat
    12 | D        | Noticed a meat berserker
    12 | D        | Noticed a meat berserker
    13 | D        | Noticed a meat berserker
    13 | D        | Noticed a bag of meat
    14 | D        | Noticed a meat berserker
    16 | D        | Noticed a bag of meat
    16 | D        | Killed a meat berserker
    16 | D        | Reached skill level 20 in Fighting
    16 | D        | Reached skill level 21 in Shields
    16 | D        | Killed a bag of meat
    16 | D        | Acquired Makhleb's second power
    16 | D        | Reached skill level 22 in Shields
    16 | D        | Reached XP level 14. HP: 52/139 MP: 18/18
    17 | D        | Noticed a meat berserker
    17 | D        | Noticed a bag of meat
    17 | D        | Killed a meat berserker
    17 | D        | Reached skill level 23 in Shields
    17 | D        | Reached XP level 15. HP: 38/148 MP: 19/19
    17 | D        | Killed a meat berserker
    17 | D        | Acquired Makhleb's third power
    17 | D        | Reached skill level 24 in Shields
    17 | D        | Killed a meat berserker
    17 | D        | Reached skill level 25 in Shields
    18 | D        | Noticed a bag of meat
    18 | D        | Killed a bag of meat
    18 | D        | Acquired Makhleb's fourth power
    18 | D        | Reached skill level 26 in Shields
    18 | D        | Reached XP level 16. HP: 74/163 MP: 20/20
    18 | D        | Killed a bag of meat
    18 | D        | Reached skill level 15 in Axes
    19 | D        | Noticed a large bag of meat
    19 | D        | Noticed a bag of meat
    19 | D        | Noticed a bag of meat
    19 | D        | Noticed a meat berserker
    19 | D        | Killed a bag of meat
    19 | D        | Reached skill level 27 in Fighting
    19 | D        | Reached skill level 27 in Shields
    19 | D        | Noticed a bag of meat
    20 | D        | Noticed a bag of meat
    20 | D        | Killed a bag of meat
    20 | D        | Acquired Makhleb's fifth power
    20 | D        | Reached skill level 27 in Armour
    20 | D        | Reached XP level 17. HP: 174/174 MP: 21/21
    20 | D        | Killed a bag of meat
    20 | D        | Killed a meat berserker
    20 | D        | Noticed a bag of meat
    21 | D        | Noticed a bag of meat
    21 | D        | Killed a meat berserker
    21 | D        | Reached XP level 18. HP: 182/182 MP: 21/21
    22 | D        | Noticed a bag of meat
    22 | D        | Noticed a bag of meat
    22 | D        | Noticed a bag of meat
    22 | D        | Noticed a bag of meat
    23 | D        | Noticed a destroyer
    23 | D        | Noticed a destroyer
    23 | D        | Killed a bag of meat
    23 | D        | Reached skill level 27 in Axes
    23 | D        | Killed a large bag of meat
    23 | D        | Reached skill level 5 in Unarmed Combat
    23 | D        | Reached skill level 5 in Spellcasting
    25 | D        | Noticed a large bag of meat
    25 | D        | Killed a bag of meat
    25 | D        | Killed a destroyer
    25 | D        | Reached skill level 10 in Invocations
    25 | D        | Reached XP level 19. HP: 189/189 MP: 21/35
    26 | D        | Killed a bag of meat
    26 | D        | Reached skill level 10 in Dodging
    26 | D        | Reached skill level 10 in Unarmed Combat
    26 | D        | Reached skill level 10 in Spellcasting
    27 | D        | Killed a bag of meat
    27 | D        | Reached skill level 10 in Throwing
    27 | D        | Reached skill level 15 in Stealth
    28 | D        | Killed a bag of meat
    28 | D        | Killed a bag of meat
    28 | D        | Reached skill level 15 in Invocations
    29 | D        | Noticed a large bag of meat
    29 | D        | Noticed a meat berserker
    30 | D        | Noticed a bag of meat
    30 | D        | Noticed a destroyer
    30 | D        | Noticed a meat berserker
    30 | D        | Killed a destroyer
    30 | D        | Reached XP level 20. HP: 197/197 MP: 22/40
    31 | D        | Noticed a bag of meat
    31 | D        | Noticed a bag of meat
    31 | D        | Killed a bag of meat
    31 | D        | Reached skill level 15 in Unarmed Combat
    31 | D        | Reached skill level 15 in Spellcasting
    31 | D        | Killed a bag of meat
    31 | D        | Reached skill level 15 in Dodging
    32 | D        | Noticed a meat berserker
    32 | D        | Killed a bag of meat
    32 | D        | Killed a large bag of meat
    32 | D        | Reached skill level 15 in Throwing
    33 | D        | Noticed a bag of meat
    33 | D        | Noticed a meat berserker
    33 | D        | Noticed a meat berserker
    33 | D        | Noticed a sculptor of flesh
    33 | D        | Killed a meat berserker
    33 | D        | Reached XP level 21. HP: 204/204 MP: 22/43
    34 | D        | Noticed a bag of meat
    34 | D        | Killed a bag of meat
    34 | D        | Killed a meat berserker
    35 | D        | Noticed a bag of meat
    35 | D        | Noticed a bag of meat
    35 | D        | Noticed a meat berserker
    35 | D        | Noticed a bag of meat
    36 | D        | Noticed a bag of meat
    36 | D        | Noticed a bag of meat
    36 | D        | Killed a meat berserker
    36 | D        | Killed a destroyer
    36 | D        | Killed a bag of meat
    37 | D        | Killed a meat berserker
    37 | D        | Reached XP level 22. HP: 212/212 MP: 23/45
    37 | D        | Killed a meat berserker
    38 | D        | Noticed a bag of meat
    38 | D        | Noticed a sculptor of flesh
    38 | D        | Noticed a bag of meat
    38 | D        | Killed a bag of meat
    38 | D        | Reached skill level 27 in Stealth
    38 | D        | Killed a bag of meat
    38 | D        | Killed a bag of meat
    38 | D        | Noticed a bag of meat
    39 | D        | Killed a bag of meat
    39 | D        | Killed a bag of meat
    40 | D        | Noticed a bag of meat
    40 | D        | Noticed a destroyer
    41 | D        | Killed a sculptor of flesh
    41 | D        | Reached skill level 27 in Invocations
    41 | D        | Reached XP level 23. HP: 219/219 MP: 24/47
    41 | D        | Killed a meat berserker
    41 | D        | Killed a large bag of meat
    42 | D        | Noticed a bag of meat
    42 | D        | Noticed a meat berserker
    43 | D        | Noticed a destroyer
    43 | D        | Killed a bag of meat
    44 | D        | Noticed a bag of meat
    44 | D        | Noticed a bag of meat
    44 | D        | Noticed a bag of meat
    44 | D        | Noticed a bag of meat
    45 | D        | Noticed a bag of meat
    45 | D        | Noticed a bag of meat
    45 | D        | Noticed a destroyer
    45 | D        | Noticed a bag of meat
    45 | D        | Noticed a destroyer
    45 | D        | Noticed a bag of meat
    45 | D        | Noticed a meat berserker
    46 | D        | Noticed an accursed
    46 | D        | Noticed a meat berserker
    46 | D        | Killed a bag of meat
    46 | D        | Killed a meat berserker
    48 | D        | Noticed a meat berserker
    48 | D        | Killed a meat berserker
    48 | D        | Reached skill level 27 in Unarmed Combat
    48 | D        | Reached skill level 27 in Spellcasting
    48 | D        | Reached XP level 24. HP: 227/227 MP: 26/49
    49 | D        | Noticed a bag of meat
    50 | D        | Noticed a bag of meat
    50 | D        | Killed a bag of meat
    50 | D        | Killed a bag of meat
    50 | D        | Reached skill level 27 in Dodging
    50 | D        | Killed an accursed
    50 | D        | Reached skill level 27 in Throwing
    50 | D        | Killed a bag of meat
    51 | D        | Noticed a bag of meat
    51 | D        | Killed a bag of meat
    51 | D        | Killed a bag of meat
    51 | D        | Killed a meat berserker
    52 | D        | Noticed a tyrant
    52 | D        | Noticed a bag of meat
    52 | D        | Killed a bag of meat
    52 | D        | Reached XP level 25. HP: 234/234 MP: 27/49
    52 | D        | Killed a destroyer
    53 | D        | Killed a sculptor of flesh
    53 | D        | Killed a destroyer
    53 | D        | Killed a meat berserker
    54 | D        | Noticed an accursed
    54 | D        | Noticed a sculptor of flesh
    54 | D        | Noticed a bag of meat
    54 | D        | Noticed a bag of meat
    56 | D        | Noticed a meat berserker
    57 | D        | Noticed a meat berserker
    57 | D        | Noticed a meat berserker
    57 | D        | Killed a bag of meat
    57 | D        | Killed an accursed
    58 | D        | Noticed a bag of meat
    59 | D        | Noticed a bag of meat
    59 | D        | Noticed a bag of meat
    59 | D        | Killed a destroyer
    59 | D        | Killed a bag of meat
    59 | D        | Reached XP level 26. HP: 242/242 MP: 29/50
    59 | D        | Noticed a bag of meat
    60 | D        | Killed a meat berserker
    60 | D        | Killed a bag of meat
    60 | D        | Killed a bag of meat
    60 | D        | Noticed a meat beast
    61 | D        | Noticed a bag of meat
    61 | D        | Noticed a meat beast
    61 | D        | Killed a meat berserker
    62 | D        | Noticed a destroyer
    62 | D        | Noticed a meat berserker
    62 | D        | Killed a meat berserker
    62 | D        | Killed a bag of meat
    62 | D        | Killed a bag of meat
    63 | D        | Noticed a meat berserker
    63 | D        | Killed a destroyer
    63 | D        | Reached XP level 27. HP: 249/249 MP: 30/50
    63 | D        | Killed a bag of meat
    63 | D        | Killed a meat beast
    64 | D        | Noticed a meat berserker
    64 | D        | Noticed a dread
    64 | D        | Noticed a bag of meat
    64 | D        | Noticed a meat beast
    64 | D        | Noticed a bag of meat
    65 | D        | Noticed a bag of meat
    65 | D        | Killed a meat berserker
    65 | D        | Killed a bag of meat
    65 | D        | Killed a destroyer
    65 | D        | Killed a bag of meat
    66 | D        | Noticed a destroyer
    66 | D        | Noticed a bag of meat
    66 | D        | Killed a meat beast
    66 | D        | Killed a bag of meat
    66 | D        | Killed a meat berserker
    66 | D        | Killed a bag of meat
    66 | D        | Killed a bag of meat
    67 | D        | Noticed a destroyer
    67 | D        | Killed a meat berserker
    68 | D        | Noticed a bag of meat
    68 | D        | Noticed a bag of meat
    68 | D        | Noticed The Captor
    68 | D        | Noticed a sculptor of flesh
    68 | D        | Noticed a tyrant
    69 | D        | Killed a bag of meat
    69 | D        | Killed a bag of meat
    69 | D        | Killed a bag of meat
    69 | D        | Killed a meat beast
    70 | D        | Noticed a meat beast
    71 | D        | Noticed a meat berserker
    72 | D        | Noticed a bag of meat
    72 | D        | Killed a destroyer
    72 | D        | Killed a dread
    72 | D        | Killed a bag of meat
    73 | D        | Killed a bag of meat
    73 | D        | Killed a bag of meat
    74 | D        | Noticed a dread
    74 | D        | Killed a bag of meat
    74 | D        | Killed a bag of meat
    75 | D        | Killed a bag of meat
    75 | D        | Killed a meat berserker
    75 | D        | Killed a destroyer
    76 | D        | Noticed a wretched soul
    76 | D        | Noticed a bag of meat
    76 | D        | Killed a bag of meat
    76 | D        | Killed a meat beast
    76 | D        | Noticed an eight-headed meat hydra
    78 | D        | Noticed a meat berserker
    78 | D        | Noticed a meat berserker
    78 | D        | Killed a wretched soul
    79 | D        | Noticed a wretched soul
    79 | D        | Noticed a bag of meat
    80 | D        | Noticed a bag of meat
    80 | D        | Noticed a bag of meat
    80 | D        | Noticed a meat berserker
    80 | D        | Noticed a bag of meat
    80 | D        | Noticed a large bag of meat
    81 | D        | Noticed a meat berserker
    81 | D        | Noticed a meat berserker
    81 | D        | Noticed a bag of meat
    81 | D        | Noticed a meat berserker
    81 | D        | Noticed a bag of meat
    81 | D        | Noticed a bag of meat
    81 | D        | Noticed a large bag of meat
    81 | D        | Noticed a destroyer
    82 | D        | Noticed a meat beast
    82 | D        | Noticed a bag of meat
    82 | D        | Noticed a bag of meat
    82 | D        | Noticed a wretched soul
    82 | D        | Noticed a bag of meat
    82 | D        | Noticed a bag of meat
    82 | D        | Noticed a destroyer
    82 | D        | Noticed a bag of meat
    82 | D        | Noticed a bag of meat
    82 | D        | Killed a meat berserker
    82 | D        | Killed a wretched soul
    82 | D        | Killed a tyrant
    82 | D        | Killed a meat berserker
    82 | D        | Killed a bag of meat
    82 | D        | Killed a bag of meat
    83 | D        | Noticed an accursed
    83 | D        | Noticed a bag of meat
    83 | D        | Noticed a bag of meat
    84 | D        | Noticed a bag of meat
    84 | D        | Noticed a bag of meat
    84 | D        | Noticed a destroyer
    84 | D        | Noticed an accursed
    84 | D        | Noticed a bag of meat
    84 | D        | Noticed a meat berserker
    84 | D        | Noticed a meat berserker
    84 | D        | Noticed a bag of meat
    84 | D        | Noticed an accursed
    84 | D        | Killed a dread
    84 | D        | Killed a destroyer
    84 | D        | Killed a bag of meat
    84 | D        | Killed a bag of meat
    85 | D        | Noticed a meat beast
    85 | D        | Killed The Captor
    85 | D        | Killed a meat berserker
    86 | D        | Noticed a bag of meat
    86 | D        | Noticed a meat beast
    86 | D        | Noticed a bag of meat
    86 | D        | Killed a meat berserker
    86 | D        | Killed a meat berserker
    86 | D        | Killed a meat beast
    86 | D        | Killed a bag of meat
    86 | D        | Killed a bag of meat
    87 | D        | Killed a destroyer
    87 | D        | Killed a bag of meat
    88 | D        | Noticed a tyrant
    88 | D        | Noticed a meat beast
    88 | D        | Noticed a large bag of meat
    88 | D        | Noticed a bag of meat
    88 | D        | Noticed a bag of meat
    88 | D        | Noticed a meat beast
    88 | D        | Killed a bag of meat
    88 | D        | Killed a wretched soul
    88 | D        | Killed a large bag of meat
    88 | D        | Killed a large bag of meat
    88 | D        | Killed a bag of meat
    88 | D        | Killed a meat berserker
    88 | D        | Killed a bag of meat
    88 | D        | Killed an eight-headed meat hydra
    88 | D        | Killed a bag of meat
    88 | D        | Killed a bag of meat
    88 | D        | Killed a bag of meat
    88 | D        | Killed a meat berserker
    88 | D        | Killed a bag of meat
    88 | D        | Killed a bag of meat
    89 | D        | Noticed a sculptor of flesh
    89 | D        | Noticed a bag of meat
    89 | D        | Noticed a meat berserker
    89 | D        | Noticed a meat beast
    89 | D        | Noticed a bag of meat
    89 | D        | Noticed a bag of meat
    90 | D        | Noticed a meat berserker
    90 | D        | Noticed a bag of meat
    90 | D        | Killed a bag of meat
    90 | D        | Killed a meat berserker
    90 | D        | Killed a bag of meat
    90 | D        | Killed a meat beast
    91 | D        | Killed a bag of meat
    91 | D        | Killed a meat berserker
    91 | D        | Killed a destroyer
    92 | D        | Noticed a bag of meat
    92 | D        | Killed a meat beast
    92 | D        | Killed a meat beast
    92 | D        | Killed a bag of meat
    93 | D        | Noticed an accursed
    93 | D        | Noticed a meat berserker
    94 | D        | Killed a meat beast
    94 | D        | Killed an accursed
    94 | D        | Killed a meat beast
    94 | D        | Killed an accursed
    94 | D        | Killed a bag of meat
    95 | D        | Noticed a bag of meat
    95 | D        | Noticed a bag of meat
    95 | D        | Killed a bag of meat
    96 | D        | Killed a bag of meat
    96 | D        | Killed a meat berserker
    97 | D        | Killed a bag of meat
    97 | D        | Killed a bag of meat
    97 | D        | Killed a meat berserker
    98 | D        | Noticed an accursed
    98 | D        | Noticed a meat berserker
    98 | D        | Noticed a bag of meat
    98 | D        | Noticed a large bag of meat
    98 | D        | Noticed a tyrant
    99 | D        | Noticed a destroyer
    99 | D        | Noticed a large bag of meat
    99 | D        | Killed a large bag of meat
    99 | D        | Killed a bag of meat
    99 | D        | Killed a bag of meat
    99 | D        | Killed a bag of meat
    99 | D        | Killed a sculptor of flesh
   100 | D        | Killed an accursed
   100 | D        | Killed a destroyer
   101 | D        | Noticed a bag of meat
   101 | D        | Killed a bag of meat
   101 | D        | Killed a large bag of meat
   101 | D        | Killed a bag of meat
   102 | D        | Noticed a meat berserker
   102 | D        | Noticed a bag of meat
   103 | D        | Noticed an observer
   103 | D        | Noticed a tyrant
   103 | D        | Noticed a bag of meat
   103 | D        | Noticed an accursed
   103 | D        | Killed a bag of meat
   103 | D        | Killed a meat berserker
   103 | D        | Killed a bag of meat
   104 | D        | Killed a tyrant
   105 | D        | Noticed a bag of meat
   105 | D        | Killed a bag of meat
   105 | D        | Killed a bag of meat
   105 | D        | Noticed a tyrant
   106 | D        | Killed a meat berserker
   107 | D        | Killed a tyrant
   107 | D        | Killed a large bag of meat
   107 | D        | Killed a bag of meat
   107 | D        | Killed a bag of meat
   108 | D        | Killed a tyrant
   108 | D        | Killed a bag of meat
   108 | D        | Killed a bag of meat
   109 | D        | Noticed a dread
   109 | D        | Killed an accursed
   110 | D        | Killed a bag of meat
   111 | D        | Killed an observer
   111 | D        | Killed a tyrant
   112 | D        | Noticed a dread
   113 | D        | Noticed a scourge
   113 | D        | Noticed a dread
   114 | D        | Killed a tyrant
   115 | D        | Killed a bag of meat
   116 | D        | Killed an accursed
   116 | D        | HP: 10/247 [dread/blast of hellfire (14)]
   117 | D        | Killed a bag of meat
   117 | D        | Killed from afar by a scourge

Action                   |  1- 3 |  4- 6 |  7- 9 | 10-12 | 13-15 | 16-18 | 19-21 | 22-24 | 25-27 || total
-------------------------+-------+-------+-------+-------+-------+-------+-------+-------+-------++-------
Melee: Executioner's axe |     1 |       |       |     1 |     3 |     5 |    10 |    10 |    48 ||    78
  Use: Potion            |       |       |       |       |       |       |       |       |     1 ||     1
